 Dungeon Crawl Stone Soup version 0.29.0-10-g45618ea6d2 (webtiles) character file.

Game seed: 9908969936456434747

43 vianneychevalier the Chopper (level 3, -3/30 HPs)
             Began as a Minotaur Gladiator on Sept 1, 2022.
             Was a Follower of Elyvilon.
             Slain by Sigmund
             ... wielding a +0 scythe
              (10 damage)
             ... on level 2 of the Dungeon.
             The game lasted 00:05:30 (850 turns).

vianneychevalier the Chopper (Minotaur Gladiator)    Turns: 850, Time: 00:05:31

Health: -3/30      AC:  3    Str: 18    XL:     3   Next: 37%
Magic:  2/2        EV: 13    Int:  5    God:    Elyvilon [*.....]
Gold:   28         SH:  0    Dex: 13    Spells: 2/2 levels left

rFire   . . .      SeeInvis .   a - +0 war axe
rCold   . . .      Faith    .   (no shield)
rNeg    . . .      Spirit   .   b - +0 leather armour
rPois   .          Reflect  .   c - +0 hat
rElec   .          Harm     .   (no cloak)
rCorr   .          Rampage  .   (no gloves)
Will    .....                   (no boots)
Stlth   +.........              (no amulet)
HPRegen 0.10/turn               (no ring)
MPRegen 0.08/turn               (no ring)

@: no status effects
A: horns 2, retaliatory headbutt
a: Renounce Religion, Purification


You were on level 2 of the Dungeon.
You worshipped Elyvilon.
Elyvilon was aware of your devotion.
You visited 1 branch of the dungeon, and saw 2 of its levels.

You collected 28 gold pieces.

Inventory:

Hand Weapons
 a - a +0 war axe (weapon)
Armour
 b - a +0 leather armour (worn)
 c - a +0 hat (worn)
Scrolls
 g - 2 scrolls of silence
 h - a scroll of identify {unknown}
 j - a scroll of amnesia {unknown}
Potions
 f - a potion of haste {unknown}
 i - a potion of heal wounds {unknown}


   Skills:
 + Level 2.8 Fighting
 + Level 4.2 Axes
 + Level 2.5 Throwing
 + Level 0.3 Armour
 + Level 3.8 Dodging


You had 2 spell levels left.
You didn't know any spells.
Your spell library was empty.

Dungeon Overview and Level Annotations

Branches:
Dungeon (2/15)

Altars:
Elyvilon

Annotations:
D:2 Sigmund


Innate Abilities, Weirdness & Mutations

You have a pair of horns on your head.
You reflexively headbutt those who attack you in melee.


Message History

Sigmund struggles against the net.
Sigmund struggles against the net.
You slash Sigmund! You headbutt Sigmund.
Sigmund is moderately wounded.
Sigmund struggles against the net.
You hit Sigmund.
Sigmund is heavily wounded.
Sigmund points at you and mumbles some strange words.
You are confused.
Sigmund struggles against the net.
A hobgoblin comes into view.
The hobgoblin shouts!
You're too confused to move!
Sigmund gestures wildly while chanting.
Sigmund flickers and vanishes!
Deactivating autopickup; reactivate with Ctrl-A.
Something wriggles in the net.
All of a sudden the net rips apart!
You bump into the rock wall.
You bump into the rock wall.
You hear some strange, mumbled words.
A magic dart appears from out of thin air!
The magic dart hits you!
You miss something. Your headbutt misses something. Something hits you!
The hobgoblin hits you but does no damage.
The hobgoblin attacks as you move away!
The hobgoblin hits you but does no damage.
You feel less confused.
An adder comes into view.
Something hits you but does no damage.
The adder hisses angrily.
The hobgoblin misses you. Something hits you.
* * * LOW HITPOINT WARNING * * *
Throw: throwing net
Press: ? - help, Q - select action, (/) - cycle Shift-Dir - straight line You throw a throwing net.
The throwing net hits the adder.
The adder is caught in the net!
The adder struggles against the net.
Found a scroll labelled ONEXUBR DISS, a leather armour and 5 gold pieces.
The adder struggles against the net.
Something hits you!
You die...

#(#..# .$# #
.>...# ..#.#
.....# #..#.#
##.##.##[....
...... ?... #
#.##.# ..#
####.##)##.##..#
.....S.?..{g@..#
####.##.##.....#
#.##.##.##.##
#.....[.# .#
####.#### .# #.#
.# # #.# .# #.
##.## .#
#.###...####.


You could see an adder (caught) and a hobgoblin.

Vanquished Creatures
  An adder (D:2)
  2 dart slugs
  3 endoplasms (D:1)
  2 giant cockroaches
  2 hobgoblins
  A jackal (D:2)
  4 ball pythons
  A bat (D:1)
  A frilled lizard (D:1)
  5 goblins
  3 kobolds (D:1)
  4 rats
29 creatures vanquished.

Notes
Turn   | Place    | Note
-------+----------+-------------------------------------------
     0 | D:1      | vianneychevalier the Minotaur Gladiator began the quest for
                  | the Orb.
     0 | D:1      | Reached XP level 1. HP: 18/18 MP: 0/0
   243 | D:1      | Reached XP level 2. HP: 25/25 MP: 1/1
   290 | D:1      | Found a faded altar of an unknown god.
   341 | D:1      | Prayed at the altar of an unknown god.
   341 | D:1      | Became a worshipper of Elyvilon the Healer
   341 | D:1      | Reached * piety under Elyvilon
   352 | D:1      | Reached skill level 4 in Axes
   769 | D:2      | Reached XP level 3. HP: 28/30 MP: 2/2
   833 | D:2      | Noticed Sigmund
   850 | D:2      | Slain by Sigmund

Illustrated notes

Levels and vault maps discovered:
D:1:      heliophobic_arrival_dark_side_of_the_moon, layout_basic,
          hellmonk_ecumenical_altar_zigzags, chequers_decorated_corner
D:2:      layout_loops_ring, uniq_sigmund

Skill      XL: |  1  2 |
---------------+-------+-----
Axes           | 4 |  4.2
Fighting       | |  2.8
Throwing       | |  2.5
Armour         | |  0.3
Dodging        | |  3.8

Action                   || total
-------------------------++-------
Melee: War axe           ||    27
       Headbutt          ||     2
Throw: Javelin           ||    11
       Throwing net      ||     3
  Use: Scroll            ||     1
Armor: Leather armour    ||     9
Dodge: Dodged            ||    22
